AoeStats
← El wey

Arabia

503256019Analyzed
1v1 RM · 1mo ago on Aug 30, 2026· 49m 6s· 2 players
Game mode
Random Map
Map size
Tiny (2 player)
Population
200
Speed
Normal
Resources
Standard
Victory
Conquest
Starting age
Dark Age
Ending age
Imperial Age
RankedLock teamsTeams togetherTeam positionsShared explorationLock speedFull tech treeHidden civsTurbo modeCheats
Victory
Defeat
🇦🇷 Ethiopians · Argentina
1017
+18
🇨🇱 Franks · Chile
1053
-18
El wey
8:14 Loom
10:23 Feudal Age
10:31 Man-at-Arms
14:04 Wheelbarrow
14:48 Double-Bit Axe
19:00 Horse Collar
21:45 Castle Age
20:29 Gold Mining
20:52 Fletching
21:02 Padded Archer Armor
21:15 Padded Archer Armor
22:40 Bodkin Arrow
24:27 Crossbowman
26:58 Bow Saw
32:11 Sanctity
34:25 Imperial Age
34:59 Arbalester
37:20 Hand Cart
37:57 Bracer
JosephCata
6:16 Loom
8:54 Feudal Age
9:57 Double-Bit Axe
16:31 Wheelbarrow
21:58 Castle Age
20:51 Padded Archer Armor
21:25 Fletching
24:26 Leather Archer Armor
25:59 Elite Skirmisher
26:43 Bodkin Arrow
28:29 Town Watch
40:31 Imperial Age
39:22 Scale Barding Armor
39:37 Forging
39:45 Masonry
40:34 Ballistics
42:30 Chemistry
44:19 Chain Barding Armor
Connection lost

Rejoining the realm…

Still unreachable

The connection could not be restored.

Session expired

The server has moved on; the page needs a fresh start.